 Dungeon Crawl Stone Soup version 0.28-a0-1435-g82390b3a13 (webtiles) character file.

Game seed: 12801220544988733930

1973 oldriver the Skirmisher (level 9, -7/106 HPs)
             Began as a Demonspawn Chaos Knight on Jan 9, 2022.
             Was a Plaything of Xom.
             Mangled by an orc warrior (12 damage)
             ... summoned by Xom
             ... on level 7 of the Dungeon.
             The game lasted 00:12:08 (7384 turns).

oldriver the Skirmisher (Demonspawn Chaos Knight)   Turns: 7384, Time: 00:12:08

Health: -7/106     AC: 24    Str: 12 (14) XL:     9   Next: 0%
Magic:  9/9        EV:  2    Int: 17      God:    Xom [..*...]
Gold:   343        SH:  0    Dex: 11 (12) Spells: 6/8 levels left

rFire   . . .      SeeInvis +   a - +1 spear (chaos)
rCold   . . .      Faith    .   (no shield)
rNeg    . . .      Spirit   .   (armour currently unavailable)
rPois   +          Reflect  .   (helmet currently unavailable)
rElec   .          Harm     .   (cloak currently unavailable)
rCorr   .          Rampage  .   (gloves currently unavailable)
Will    .....      Clarity  +   (boots currently unavailable)
Stlth   +......... NoTele   +   (no amulet)
HPRegen 0.27/turn               e - ring of see invisible
MPRegen 0.11/turn               n - ring of poison resistance

@: mighty, tree-form, invisible
A: stationary, stasis, torment immunity, boosted hp, (slimy green scales 1),
demonic magic 2, (weakness stinger 2), (talons 1), clarity, clever 1,
deterioration 1, (fire resistance 1), (electricity resistance), weak 1
a: Renounce Religion


You were on level 7 of the Dungeon.
You worshipped Xom.
You were a toy of Xom.
You were a tree.
You visited 1 branch of the dungeon, and saw 7 of its levels.

You collected 343 gold pieces.

Inventory:

Hand Weapons
 a - a +1 spear of chaos (weapon)
Armour
 l - a +0 pair of gloves (melded)
 m - a +2 pair of boots (melded)
 r - a +5 scale mail of fire resistance (melded)
Jewellery
 e - a ring of see invisible (left branch)
 g - a ring of flight
 h - a ring of fire
 n - a ring of poison resistance (right branch)
Wands
 s - a wand of acid (4)
 v - a wand of digging (5)
 w - a wand of flame (20)
Potions
 d - a potion of attraction
 f - 2 potions of mutation
 i - a potion of brilliance
 j - 3 potions of lignification
 t - a potion of resistance {unknown}
 u - a potion of cancellation {unknown}


   Skills:
 + Level 6.9 Fighting
 + Level 6.3 Polearms
 + Level 3.3 Armour
 - Level 5.0 Dodging
 + Level 3.6 Translocations


You had 6 spell levels left.
You knew the following spells:

 Your Spells              Type           Power      Damage    Failure   Level
a - Blink                 Tloc           24%        N/A       8%          2

Your spell library contained the following spells:

 Spells                   Type           Power      Damage    Failure   Level
 Manifold Assault         Tloc           12%        N/A       82%         5
 Storm Form               Tmut/Air       0%         N/A       100%        7


Dungeon Overview and Level Annotations

Branches:
Dungeon (7/15)             Temple (0/1) D:4

Altars:
Elyvilon
Kikubaaqudgha

Shops:
D:5 *

Annotations:
D:2 1 runed translucent door, Crazy Yiuf
D:7 Joseph


Innate Abilities, Weirdness & Mutations

You are a tree.
Your roots penetrate the ground, keeping you stationary.
You cannot be teleported.
You are immune to unholy pain and torment.
Your maximum health is greatly increased.
Your equipment is partially melded.
((You are partially covered in slimy green scales. (AC +2)))
Spells you cast may paralyse nearby enemies.
((You have a tail ending in a sharp stinger.))
((You have sharp toenails.))
You possess an exceptional clarity of mind.
Your mind is acute. (Int +2)
Your body sometimes deteriorates upon taking damage.
((Your flesh is heat resistant. (rF+)))
((You are resistant to electric shocks. (rElec)))
You are weak. (Str -2)


Message History

You feel much better.
Joseph hits you with a +2 quarterstaff of speed!
* * * LOW HITPOINT WARNING * * *
Your body deteriorates!
You feel weakened.
The orc wizard gestures at you while chanting.
You feel momentarily confused.
The orc wizard gestures at you while chanting.
The magic dart hits you but does no damage.
The orc warrior completely misses you.
You barely miss Joseph.
Joseph is severely wounded.
Joseph hits you with a +2 quarterstaff of speed!
* * * LOW HITPOINT WARNING * * *
Your body deteriorates!
You feel weakened. The orc wizard barely misses you.
Unknown command.
As you read the scroll labelled AGUGEI QALAENT, it crumbles to dust.
You feel a surge of unholy energy.
The orc wizard convulses!
Joseph convulses!
The orc convulses! x2; The orc warrior convulses!
The orc wizard convulses!
The orc convulses! x3; The orc wizard convulses!
It was a scroll of torment.
The orc wizard hits you but does no damage.
Joseph hits you but does no damage.
The orc warrior hits you but does no damage.
Joseph hits you with a +2 quarterstaff of speed!
* * * LOW HITPOINT WARNING * * *
The orc wizard hits you but does no damage.
You fade into invisibility!
The orc wizard barely misses you.
The orc warrior hits you with a +0 war axe.
* * * LOW HITPOINT WARNING * * *
Joseph says, "You must be punished!
Or...
I want to punish you!" Joseph hits you but does no damage.
The orc wizard hits you but does no damage.
It was a potion of might.
You feel very mighty all of a sudden.
The orc wizard hits you but does no damage.
Joseph shouts, "At last, some action!"
Joseph hits you but does no damage.
The orc warrior hits you with a +0 war axe!
You die...

#..# ##### #..#
#.... #..# #.###
#..# #.# #..# #.#
#..##########.#
#o............#
#.###o#############
#.Z@♣ooo....#
#####ooo....#
#o####### ###


You could see Joseph (invisible, poisoned), an orc warrior (summoned), 3 orc
wizards, 5 orcs and a howler monkey skeleton.

Vanquished Creatures
  Grinder (D:4)
  Sigmund (D:5)
  A steam dragon (D:6)
  Edmund (D:6)
  A water moccasin (D:5)
  An ice beast (D:6)
  A black bear (D:6)
  2 sky beasts (D:6)
  A phantom (D:4)
  A bullfrog (D:7)
  2 water moccasin skeletons
  2 hounds (D:4)
  A jelly (D:6)
  2 orc priests
  Ijyb (D:4)
  A centaur skeleton (D:7)
  An iguana (D:5)
  Natasha (thrice) (D:4)
  3 orc wizards
  A hound skeleton (D:4)
  5 adders
  A white imp (D:6)
  4 dart slugs
  18 orcs
  4 bats
  2 endoplasms
  3 giant cockroaches
  8 goblins
  9 hobgoblins
  3 jackals (D:3)
  A quokka (D:2)
  3 ball pythons (D:3)
  3 frilled lizards (D:1)
  5 kobolds
  A rat (D:3)
98 creatures vanquished.

Vanquished Creatures (collateral kills)
  2 ogres
  A scorpion (D:5)
3 creatures vanquished.

Vanquished Creatures (others)
  6 plants (D:6)
6 creatures vanquished.

Grand Total: 107 creatures vanquished

Notes
Turn   | Place    | Note
-------+----------+-------------------------------------------
     0 | D:1      | oldriver the Demonspawn Chaos Knight began the quest for
                  | the Orb.
     0 | D:1      | Reached XP level 1. HP: 18/18 MP: 1/1
    48 | D:1      | Reached skill level 1 in Dodging
   128 | D:1      | Gained mutation: You have a small tail. [demonic ancestry]
   128 | D:1      | Reached XP level 2. HP: 16/24 MP: 2/2
   129 | D:1      | XOM: potion effect (heal wounds)
   198 | D:1      | XOM: divination: magic mapping
   435 | D:1      | XOM: silly message
   492 | D:1      | Found a faded altar of an unknown god.
   637 | D:2      | Reached XP level 3. HP: 14/29 MP: 3/3
   973 | D:2      | XOM: god gift: scroll labelled VEL VO CAUTH {god gift}
  1222 | D:2      | You fall into a shaft and drop 1 floor!
  1246 | D:2      | XOM: divination: detect creatures
  1327 | D:2      | XOM: 7-stop teleportation journey
  1441 | D:2      | XOM: silly message
  1494 | D:2      | XOM: smoke on damage
  1919 | D:2      | Found a runed translucent door.
  1920 | D:2      | Noticed Crazy Yiuf
  2249 | D:3      | Reached XP level 4. HP: 37/37 MP: 4/4
  2505 | D:3      | XOM: silly message
  2725 | D:3      | XOM: silly message
  2852 | D:3      | XOM: potion effect (might)
  2902 | D:3      | XOM: potion effect (berserk rage)
  2915 | D:3      | Gained mutation: Spells you cast may paralyse adjacent
                  | enemies. [demonic ancestry]
  2915 | D:3      | Reached XP level 5. HP: 42/42 MP: 5/5
  3021 | D:3      | XOM: god gift: pair of glowing boots {god gift}
  3168 | D:4      | Noticed Natasha
  3202 | D:3      | XOM: silly message
  3250 | D:4      | Killed Natasha
  3461 | D:4      | Noticed Natasha
  3462 | D:4      | Noticed Grinder
  3465 | D:4      | XOM: destruction
  3466 | D:4      | Paralysed by Grinder for 5 turns
  3484 | D:4      | XOM: blink monster(s)
  3486 | D:4      | Killed Natasha
  3949 | D:4      | Gained mutation: You have a tail ending in a sharp stinger.
                  | [demonic ancestry]
  3949 | D:4      | Reached XP level 6. HP: 36/49 MP: 6/6
  4168 | D:4      | Noticed Ijyb
  4178 | D:4      | Killed Ijyb
  4304 | D:4      | XOM: noise
  4323 | D:4      | Killed Grinder
  4324 | D:4      | Reached skill level 5 in Fighting
  4357 | D:4      | XOM: god gift: fuming cyan potion {god gift}
  4441 | D:4      | XOM: confuse monster(s)
  4442 | D:4      | XOM: summons friendly iron imp
  4452 | D:4      | Gained mutation: Spells you cast may paralyse nearby
                  | enemies. [demonic ancestry]
  4452 | D:4      | Reached XP level 7. HP: 56/56 MP: 7/7
  4502 | D:4      | XOM: divination: magic mapping
  4563 | D:4      | Noticed Natasha
  4571 | D:4      | Killed Natasha
  4687 | D:4      | XOM: god gift: Inescapable Atlas
  4693 | D:4      | Learned a level 2 spell: Blink
  4924 | D:4      | XOM: cast spell 'Cause Fear'
  4932 | D:4      | Reached skill level 5 in Polearms
  5065 | D:4      | Found a staircase to the Ecumenical Temple.
  5108 | D:5      | Entered Level 5 of the Dungeon
  5127 | D:5      | XOM: enchant monster (good)
  5176 | D:5      | Reached skill level 1 in Translocations
  5182 | D:5      | XOM: give mutations
  5182 | D:5      | Gained mutation: You have sharp toenails. [Xom's mischief]
  5182 | D:5      | Gained mutation: Your mind is acute. (Int +2) [Xom's
                  | mischief]
  5182 | D:5      | Gained mutation: You are weak. (Str -2) [Xom's mischief]
  5182 | D:5      | Gained mutation: Your body sometimes deteriorates upon
                  | taking damage. [Xom's mischief]
  5218 | D:5      | XOM: give mutations
  5218 | D:5      | Gained mutation: You are resistant to electric shocks.
                  | (rElec) [Xom's grace]
  5218 | D:5      | Gained mutation: You possess an exceptional clarity of
                  | mind. [Xom's grace]
  5218 | D:5      | Gained mutation: Your flesh is heat resistant. (rF+) [Xom's
                  | grace]
  5224 | D:5      | XOM: confuse monster(s)
  5236 | D:5      | Gained mutation: You are partially covered in slimy green
                  | scales. (AC +2) [demonic ancestry]
  5236 | D:5      | Reached XP level 8. HP: 63/64 MP: 8/8
  5324 | D:5      | Identified the +9 hand crossbow of Distant Shores {freeze,
                  | Fragile rPois rN++ Stlth+}
  5364 | D:5      | Noticed Sigmund
  5388 | D:5      | Killed Sigmund
  5699 | D:5      | Found Paho's Fire Supplies.
  6020 | D:6      | XOM: potion effect (haste)
  6043 | D:6      | Reached skill level 5 in Dodging
  6146 | D:6      | XOM: cleaving
  6166 | D:6      | XOM: enchant monster (good)
  6509 | D:6      | Noticed Edmund
  6539 | D:6      | Killed Edmund
  6579 | D:6      | Noticed a two-headed ogre
  6589 | D:6      | XOM: enchant monster (good)
  6610 | D:6      | XOM: scenery: 1 doors close
  6933 | D:6      | Found an ancient bone altar of Kikubaaqudgha.
  7249 | D:7      | Reached XP level 9. HP: 71/71 MP: 9/9
  7348 | D:7      | Noticed Joseph
  7357 | D:7      | XOM: enchant monster (good)
  7366 | D:7      | XOM: summons 2 hostile shadow creatures
  7370 | D:7      | XOM: blink monster(s)
  7379 | D:7      | Identified a scroll of acquirement
  7379 | D:7      | Acquired the ring "Ritarie" {rN+ EV+4}
  7383 | D:7      | HP: 5/106 [orc warrior[Xom] (2)]
  7384 | D:7      | Mangled by an orc warrior

Illustrated notes

Levels and vault maps discovered:
D:1:      lemuel_arrival_room, layout_rooms, shapermc_ecumenical_altar_petra
D:2:      layout_loops_cross, uniq_crazy_yiuf_cottage
D:3:      layout_basic
D:4:      layout_basic, lemuel_temple_firewalk_b, uniq_grinder, uniq_natasha,
          uniq_ijyb
D:5:      layout_rooms, dk_noncrumbling_2, nicolae_shop_fire_sale
          [nicolae_sub_dead_trees], uniq_sigmund
D:6:      layout_basic, nicolae_overflow_hidden_temple, serial_bayou_ford_a,
          uniq_edmund, uniq_blork_the_orc
D:7:      layout_basic, led_sif_book, minivault_11, dk_rats_in_the_wall,
          uniq_joseph

Skill      XL: |  1  2  3  4  5  6  7  8 |
---------------+-------------------------+-----
Dodging        | 1 2 3 4 5 |  5.0
Polearms       | 3 4 5 6 |  6.3
Fighting       | 4 5 6 |  6.9
Translocations | 1 3 |  3.6
Armour         | 3 |  3.3

Action                   |  1- 3 |  4- 6 |  7- 9 || total
-------------------------+-------+-------+-------++-------
Melee: Spear             |   103 |   134 |   229 ||   466
       Punch             |     2 |     1 |     5 ||     8
       Tailslap          |    13 |    13 |    34 ||    60
       Unarmed           |       |     1 |       ||     1
  Use: Scroll            |     6 |     4 |     7 ||    17
       Potion            |       |       |     8 ||     8
 Stab: Sleeping          |       |     1 |       ||     1
       Petrified         |       |     1 |    14 ||    15
       Petrifying        |       |     1 |       ||     1
       Confused          |       |       |     3 ||     3
Armor: Leather armour    |    27 |    26 |       ||    53
       Scale mail        |       |    13 |    72 ||    85
       Skin              |       |       |    40 ||    40
Dodge: Dodged            |    33 |    35 |    58 ||   126

Table legend: (Time is in decaauts)
 A = Elapsed time spent in this place.
 B = Non-inter-level travel time spent in this place.
 C = Inter-level travel time spent in this place.
 D = Time resting spent in this place.
 E = Time spent auto-exploring this place.
 F = Levels seen in this place.
 G = Mean time per level.
                   A        B        C        D        E       F      G
               +--------+--------+--------+--------+--------+-----+--------+
         Total |   7320 |   7114 |    206 |   2351 |   3533 |   7 | 1045.7 |
       Dungeon |   7320 |   7114 |    206 |   2351 |   3533 |   7 | 1045.7 |
               +--------+--------+--------+--------+--------+-----+--------+

Top non-repeatable levels by time:
     D:4: 1742 daAuts
     D:2: 1549 daAuts
     D:3: 1208 daAuts
     D:5: 921 daAuts
     D:6: 911 daAuts
     D:1: 596 daAuts
     D:7: 390 daAuts
